AoeStats
← [Massa] Edo

Lombardia

507854178Analyzed
2v2 RM · 11d ago on Sep 19, 2026· 51m 15s· 4 players
Game mode
Random Map
Map size
Medium (4 player)
Population
200
Speed
Normal
Resources
Standard
Victory
Conquest
Starting age
Dark Age
Ending age
Imperial Age
RankedLock teamsTeams togetherTeam positionsShared explorationLock speedFull tech treeHidden civsTurbo modeCheats
Victory
Defeat
🇧🇷 Koreans · Brazil
1509
+7
🇧🇷 Romans · Brazil
1433
+9
🇦🇷 Italians · Argentina
1310
-9
🇦🇷 Khmer · Argentina
1249
-7
[Massa] Edo
12:29 Feudal Age
14:08 Loom
16:50 Castle Age
14:51 Double-Bit Axe
15:06 Horse Collar
18:45 Bow Saw
21:33 Gold Mining
21:53 Fletching
24:11 Ballistics
23:51 Bodkin Arrow
25:52 Husbandry
26:14 Thumb Ring
29:26 Wheelbarrow
36:53 Imperial Age
41:02 Murder Holes
41:57 Hand Cart
43:41 Chemistry
45:18 Bracer
46:32 Caravan
47:55 Gold Shaft Mining
48:31 Two-Man Saw
48:05 Elite War Wagon
49:06 Conscription
50:39 Masonry
tg
5:08 Loom
11:31 Feudal Age
12:59 Double-Bit Axe
15:42 Castle Age
13:59 Gold Mining
14:53 Horse Collar
16:42 Heavy Plow
16:52 Bow Saw
17:13 Light Cavalry
21:17 Wheelbarrow
23:08 Stone Mining
24:23 Hand Cart
24:57 Town Watch
26:38 Gold Shaft Mining
30:26 Imperial Age
30:36 Imperial Age
28:43 Masonry
28:56 Ballistics
29:32 Scale Barding Armor
30:06 Bloodlines
29:56 Husbandry
31:05 Chain Barding Armor
30:43 Elite Centurion
31:45 Conscription
33:10 Crop Rotation
32:43 Town Patrol
35:09 Chemistry
34:15 Siege Engineers
34:40 Architecture
34:27 Heavy Scorpion
36:01 Comitatenses
36:25 Plate Barding Armor
40:30 Forging
40:59 Conscription
41:33 Ballistas
42:47 Iron Casting
43:13 Fletching
44:28 Blast Furnace
43:49 Capped Ram
45:32 Coinage
46:33 Siege Ram
48:42 Banking
48:21 Fletching
49:04 Architecture
49:19 Guard Tower
49:58 Caravan
50:10 Guilds
50:30 Cavalier
51:15 Scale Mail Armor
51:11 Bodkin Arrow
51:17 Padded Archer Armor
SUPERPODEROSO
11:01 Feudal Age
14:17 Castle Age
13:47 Wheelbarrow
13:04 Double-Bit Axe
13:24 Horse Collar
14:40 Wheelbarrow
17:15 Heavy Plow
20:40 Bloodlines
20:43 Loom
21:34 Light Cavalry
23:07 Bow Saw
23:30 Husbandry
29:57 Scale Barding Armor
31:49 Forging
33:32 Chain Barding Armor
43:44 Imperial Age
41:44 Scale Mail Armor
41:24 Pikeman
42:43 Iron Casting
43:30 Chain Mail Armor
44:58 Halberdier
ScantLemon2602
8:39 Loom
11:03 Feudal Age
15:06 Castle Age
13:02 Fletching
13:15 Double-Bit Axe
13:22 Horse Collar
16:00 Bow Saw
15:52 Heavy Plow
21:17 Wheelbarrow
22:21 Crossbowman
23:34 Bodkin Arrow
25:09 Hand Cart
25:23 Padded Archer Armor
25:10 Elite Skirmisher
25:18 Elite Skirmisher
27:57 Leather Archer Armor
27:40 Town Watch
31:33 Imperial Age
30:23 Ballistics
30:57 Scale Barding Armor
31:02 Forging
31:38 Thumb Ring
31:21 Light Cavalry
32:11 Bloodlines
32:02 Husbandry
32:18 Bracer
34:12 Chemistry
34:27 Town Patrol
35:28 Two-Man Saw
34:59 Crop Rotation
34:45 Gold Mining
35:31 Hussar
37:51 Chain Barding Armor
41:02 Plate Barding Armor
41:41 Conscription
42:18 Iron Casting
41:26 Arbalester
44:33 Blast Furnace
46:58 Pikeman
47:39 Scale Mail Armor
48:25 Ring Archer Armor
48:48 Squires
Connection lost

Rejoining the realm…

Still unreachable

The connection could not be restored.

Session expired

The server has moved on; the page needs a fresh start.